[Event "58th BRA-chW 2019"]
[Site "Rio de Janeiro"]
[Date "2019.02.16"]
[Round "1.1"]
[White "Alboredo, Julia"]
[Black "Reis, Virginia Lagrange M"]
[Result "1-0"]
[ECO "B38"]
[WhiteElo "2212"]
[BlackElo "1738"]
[Annotator "NA"]
[PlyCount "47"]
[EventDate "2019.02.16"]
[EventType "k.o."]
[EventCountry "BRA"]
[SourceTitle "playchess.com"]
[Source "ChessBase"]
[SourceQuality "1"]
[TimeControl "5400+30"]

1. e4 c5 2. Nf3 Nc6 3. d4 cxd4 4. Nxd4 g6 5. c4 Bg7 6. Be3 d6 7. Nc3 Nf6 8. Be2 O-O 9. O-O Bd7 10. h3 Nxd4 11. Bxd4 Bc6 12. Qc2 a5 13. Rad1 Nd7 14. Bxg7 Kxg7 15. Bg4 Qe8 16. Bxd7 Bxd7 17. Nd5 Qd8 18. Qc3+ Kg8 19. e5 Bf5 20. Rfe1 f6 21. exd6 exd6 22. Re7 Kh8 23. Rde1 Bd7 24. R7e4 1-0

[Event "58th BRA-chW 2019"]
[Site "Rio de Janeiro"]
[Date "2019.02.16"]
[Round "1.1"]
[White "Ichimura G. Barbosa, Larissa Y."]
[Black "Hubner, Jessica Trindade"]
[Result "1-0"]
[ECO "B13"]
[WhiteElo "1983"]
[BlackElo "1790"]
[Annotator "NA"]
[PlyCount "101"]
[EventDate "2019.02.16"]
[EventType "k.o."]
[EventCountry "BRA"]
[SourceTitle "playchess.com"]
[Source "ChessBase"]
[SourceQuality "1"]
[TimeControl "5400+30"]

1. e4 c6 2. d4 d5 3. exd5 cxd5 4. c4 Nc6 5. Nf3 Bg4 6. Nc3 Nf6 7. cxd5 Nxd5 8. Qb3 Bxf3 9. gxf3 Nb6 10. d5 Nd4 11. Qd1 e5 12. dxe6 fxe6 13. Be3 Nc6 14. Qb3 Qf6 15. Bh3 Qxf3 16. Qxe6+ Be7 17. Rg1 Qf6 18. O-O-O Qxe6 19. Bxe6 Nd8 20. Bh3 O-O 21. Bxb6 axb6 22. Rd7 Bf6 23. Nd5 Kh8 24. Nxf6 Rxf6 25. Rgxg7 Rxf2 26. Rxh7+ Kg8 27. Rdg7+ Kf8 28. Rc7 Kg8 29. Rcg7+ Kf8 30. a3 Rxh2 31. Rg2 Rxg2 32. Bxg2 Rb8 33. Bd5 Ke8 34. Kc2 Rc8+ 35. Kb3 Rc5 36. Bxb7 Nc6 37. Bxc6+ Rxc6 38. Kb4 Kd8 39. Kb5 Rf6 40. Rb7 Rf2 41. b4 Ra2 42. a4 Rb2 43. Rxb6 Kc7 44. Ka6 Rd2 45. b5 Rd4 46. a5 Rd8 47. Ka7 Rf8 48. Rh6 Rf7 49. b6+ Kc8+ 50. Ka8 Rf8 51. Rh7 1-0

[Event "58th BRA-chW 2019"]
[Site "Rio de Janeiro"]
[Date "2019.02.16"]
[Round "1.1"]
[White "Medeiros, Thauane Ferreira"]
[Black "Mello, Amanda Carolina De"]
[Result "1-0"]
[ECO "D11"]
[WhiteElo "1947"]
[BlackElo "1808"]
[Annotator "NA"]
[PlyCount "83"]
[EventDate "2019.02.16"]
[EventType "k.o."]
[EventCountry "BRA"]
[SourceTitle "playchess.com"]
[Source "ChessBase"]
[SourceQuality "1"]
[TimeControl "5400+30"]

1. d4 d5 2. c4 c6 3. Nf3 Nf6 4. e3 Bg4 5. Nc3 e6 6. Qb3 Qb6 7. Ne5 Bf5 8. Qxb6 axb6 9. Bd2 Nbd7 10. Nxd7 Nxd7 11. cxd5 exd5 12. a4 Bd6 13. Be2 O-O 14. O-O Rfe8 15. Rfc1 Bg6 16. Nd1 f5 17. Bd3 Nf6 18. b4 Ne4 19. Be1 Bc7 20. b5 c5 21. Bxe4 dxe4 22. dxc5 Be5 23. Bc3 bxc5 24. a5 Bh5 25. Bxe5 Rxe5 26. Nc3 Rd8 27. a6 bxa6 28. Rxa6 Rb8 29. Rb1 c4 30. Rc6 Bf7 31. Rc7 Ree8 32. h4 Red8 33. b6 Rd6 34. b7 Be6 35. Ne2 Bd7 36. Nd4 c3 37. Rxc3 Ra6 38. Rc7 Be6 39. Nxe6 Rxe6 40. Rc8+ Re8 41. Rxe8+ Rxe8 42. b8=Q 1-0

[Event "58th BRA-chW 2019"]
[Site "Rio de Janeiro"]
[Date "2019.02.16"]
[Round "1.1"]
[White "Tamarozi, Isabelle"]
[Black "Kanzler, Karina Daniela Ferr"]
[Result "0-1"]
[ECO "B00"]
[WhiteElo "1937"]
[BlackElo "1913"]
[Annotator "NA"]
[PlyCount "86"]
[EventDate "2019.02.16"]
[EventType "k.o."]
[EventCountry "BRA"]
[SourceTitle "playchess.com"]
[Source "ChessBase"]
[SourceQuality "1"]
[TimeControl "5400+30"]

1. e4 e6 2. d4 b6 3. Nc3 Bb7 4. Be3 Nf6 5. Bd3 Bb4 6. f3 Bxc3+ 7. bxc3 d6 8. h4 Nbd7 9. Nh3 h6 10. Qe2 Nh5 11. Qf2 Qe7 12. g4 Nhf6 13. Kd2 a6 14. a4 e5 15. Qg2 a5 16. g5 hxg5 17. hxg5 Nh5 18. d5 g6 19. f4 O-O-O 20. Raf1 exf4 21. Nxf4 Nxf4 22. Rxf4 Rxh1 23. Qxh1 Ne5 24. Be2 Kb8 25. Rf6 Re8 26. Qh7 Nc4+ 27. Bxc4 Qxe4 28. Bf2 Qxc4 29. Rxf7 Qxd5+ 30. Kc1 Qh1+ 31. Qxh1 Bxh1 32. Kd2 Be4 33. Rf6 Bf5 34. Bd4 Re4 35. Rf8+ Kb7 36. Rf7 Rg4 37. Bf6 Rxa4 38. Bd8 Rc4 39. Be7 Rc6 40. Kc1 Rxc3 41. Bxd6 Rxc2+ 42. Kd1 Rc4 43. Be5 a4 0-1

[Event "58th BRA-chW 2019"]
[Site "Rio de Janeiro"]
[Date "2019.02.16"]
[Round "1.1"]
[White "Ribeiro, Regina"]
[Black "Guimaraes, Artemis Pamela"]
[Result "0-1"]
[ECO "E07"]
[WhiteElo "1876"]
[BlackElo "1939"]
[Annotator "NA"]
[PlyCount "70"]
[EventDate "2019.02.16"]
[EventType "k.o."]
[EventCountry "BRA"]
[SourceTitle "playchess.com"]
[Source "ChessBase"]
[SourceQuality "1"]
[TimeControl "5400+30"]

1. c4 Nf6 2. g3 e6 3. Bg2 d5 4. Nf3 Be7 5. O-O O-O 6. d4 c6 7. Nc3 Nbd7 8. Qd3 b6 9. cxd5 cxd5 10. Bf4 a5 11. Ne5 Nxe5 12. Bxe5 Ba6 13. Qf3 Rc8 14. Bf4 Qd7 15. a4 Rc4 16. Rfd1 Rfc8 17. e3 Rb4 18. Rd2 Rb3 19. Qd1 Bc4 20. g4 Bb4 21. Rc2 Bxc3 22. Rxc3 Rxb2 23. g5 Ne8 24. e4 Rd8 25. Qh5 Rb3 26. Rxb3 Bxb3 27. Ra3 Bc4 28. Rh3 Qxa4 29. Qxh7+ Kf8 30. Bf3 Qa1+ 31. Kg2 Bf1+ 32. Kg3 Bxh3 33. Kxh3 Qc3 34. Be3 e5 35. Qf5 exd4 0-1

[Event "58th BRA-chW 2019"]
[Site "Rio de Janeiro"]
[Date "2019.02.16"]
[Round "1.1"]
[White "Melo, Gabrieli De"]
[Black "Gazola, Vanessa Ramos"]
[Result "1-0"]
[ECO "A18"]
[WhiteElo "1792"]
[BlackElo "1951"]
[Annotator "NA"]
[PlyCount "119"]
[EventDate "2019.02.16"]
[EventType "k.o."]
[EventCountry "BRA"]
[SourceTitle "playchess.com"]
[Source "ChessBase"]
[SourceQuality "1"]
[TimeControl "5400+30"]

1. c4 Nf6 2. Nc3 e6 3. e4 d5 4. e5 d4 5. exf6 dxc3 6. bxc3 Qxf6 7. d4 e5 8. Nf3 exd4 9. cxd4 Bb4+ 10. Bd2 Bxd2+ 11. Qxd2 O-O 12. Be2 c5 13. O-O cxd4 14. Qxd4 Qe7 15. Bd3 Nc6 16. Qf4 Nb4 17. Qe4 Qxe4 18. Bxe4 Be6 19. a3 Nc6 20. Bd5 Na5 21. Bxe6 fxe6 22. Ne5 Rfc8 23. Rab1 b6 24. Rfd1 Nxc4 25. Nxc4 Rxc4 26. Rd7 Rac8 27. g3 R8c7 28. Rbd1 Rxd7 29. Rxd7 Ra4 30. Rd3 Kf7 31. Kf1 Ke7 32. Ke1 Ra5 33. Ke2 Re5+ 34. Kf3 Rd5 35. Rc3 Kd7 36. Ke4 Rc5 37. Rf3 Ke7 38. Rd3 g5 39. f4 g4 40. h3 gxh3 41. g4 h2 42. Rh3 Rc2 43. Rxh7+ Kf6 44. Rh3 b5 45. g5+ Kg6 46. Rh6+ Kg7 47. Ke5 Re2+ 48. Kd4 a6 49. Kc5 Ra2 50. Kd6 Rxa3 51. Rxh2 b4 52. Kxe6 Re3+ 53. Kd5 b3 54. f5 a5 55. Kc4 a4 56. Kb4 Re4+ 57. Ka3 Rc4 58. Rf2 Rc2 59. Rxc2 bxc2 60. Kb2 1-0

[Event "58th BRA-chW 2019"]
[Site "Rio de Janeiro"]
[Date "2019.02.16"]
[Round "1.1"]
[White "Vieira, Julia"]
[Black "Librelato, Kathie Goulart"]
[Result "0-1"]
[ECO "A16"]
[WhiteElo "1768"]
[BlackElo "2172"]
[Annotator "NA"]
[PlyCount "68"]
[EventDate "2019.02.16"]
[EventType "k.o."]
[EventCountry "BRA"]
[SourceTitle "playchess.com"]
[Source "ChessBase"]
[SourceQuality "1"]
[TimeControl "5400+30"]

1. c4 Nf6 2. Nc3 g6 3. g3 Bg7 4. Bg2 O-O 5. Nf3 d6 6. O-O Nc6 7. d3 Nh5 8. a3 f5 9. e3 e5 10. Qc2 f4 11. Nd5 g5 12. gxf4 gxf4 13. Rb1 Bg4 14. h3 Bxf3 15. Bxf3 Qh4 16. Bg4 fxe3 17. Bxe3 Nf4 18. Bxf4 exf4 19. f3 h5 20. Be6+ Kh8 21. Qh2 Nd4 22. Bd7 Rad8 23. Ba4 Rf5 24. Kh1 Be5 25. Qf2 Qxh3+ 26. Qh2 Qxh2+ 27. Kxh2 Rg5 28. Nxc7 Rdg8 29. Rf2 Rg3 30. Rbf1 Nf5 31. Re2 Bd4 32. Nd5 Bg1+ 33. Rxg1 Rxg1 34. Nxf4 Ng3 0-1

[Event "58th BRA-chW 2019"]
[Site "Rio de Janeiro"]
[Date "2019.02.16"]
[Round "1.1"]
[White "Bonfim, Regina Rodrigues"]
[Black "Terao, Juliana Sayumi"]
[Result "0-1"]
[ECO "D71"]
[WhiteElo "1713"]
[BlackElo "2241"]
[Annotator "ChessBase"]
[PlyCount "180"]
[EventDate "2019.02.16"]
[EventType "k.o."]
[EventCountry "BRA"]
[SourceTitle "playchess.com"]
[Source "ChessBase"]
[SourceQuality "1"]
[TimeControl "5400+30"]

1. d4 Nf6 2. c4 g6 3. g3 Bg7 4. Bg2 d5 5. cxd5 Nxd5 6. Nc3 Nb6 7. e3 O-O 8. Nge2 c6 9. O-O Na6 10. a3 Bd7 11. e4 c5 12. d5 e6 13. Ra2 Rc8 14. b3 Nc7 15. Be3 Nb5 16. Nxb5 Bxb5 17. a4 Bd7 18. Rd2 e5 19. a5 Na8 20. Ra2 Re8 21. Qd2 b6 22. Rc1 Bf8 23. Rac2 Nc7 24. axb6 axb6 25. Nc3 Na6 26. Ra2 Nb4 27. Ra7 Bd6 28. Rca1 Rc7 29. R7a3 Rc8 30. Bf1 f5 31. Bg5 Be7 32. Bxe7 Rxe7 33. Bc4 Kh8 34. f3 fxe4 35. fxe4 Rf7 36. Rf1 Rxf1+ 37. Bxf1 Kg7 38. Ra1 Ra8 39. Rxa8 Qxa8 40. Qb2 Qd8 41. Na2 Nxa2 42. Qxa2 Qg5 43. Qe2 Bg4 44. Qe1 Kf7 45. Bb5 Ke7 46. Bc4 Bd7 47. Bf1 Qf6 48. Qf2 Qg5 49. Qe1 Qg4 50. Qe2 Qg5 51. Qe1 Bg4 52. Bg2 Qf6 53. Qf2 Qxf2+ 54. Kxf2 Bd1 55. Bf1 Bxb3 56. Ke3 Ba4 57. Kd2 Kd6 58. Kc3 b5 59. Bh3 Kc7 60. Be6 Bd1 61. Bg8 h6 62. Bf7 g5 63. Be8 Be2 64. Kd2 Bc4 65. Kc3 Kd6 66. Bg6 Be2 67. Kd2 Bg4 68. Be8 b4 69. Kc2 c4 70. Kd2 Kc5 71. Bf7 Bd7 72. Bg8 Kd4 73. Be6 c3+ 74. Kc1 Ba4 75. d6 Kxe4 76. d7 Bxd7 77. Bxd7 Kf3 78. Kc2 e4 79. Bc6 Ke3 80. Bb7 Kd4 81. Ba6 Ke3 82. Bb7 h5 83. Bc6 Kf3 84. Bb7 Kg2 85. Bxe4+ Kxh2 86. Bg6 Kxg3 87. Bxh5 g4 88. Kb3 Kf4 89. Be8 g3 90. Bc6 Ke3 0-1

[Event "58th BRA-chW 2019"]
[Site "Rio de Janeiro"]
[Date "2019.02.17"]
[Round "1.2"]
[White "Guimaraes, Artemis Pamela"]
[Black "Ribeiro, Regina"]
[Result "1-0"]
[ECO "B31"]
[WhiteElo "1939"]
[BlackElo "1876"]
[Annotator "NA"]
[PlyCount "73"]
[EventDate "2019.02.16"]
[EventType "k.o."]
[EventCountry "BRA"]
[SourceTitle "playchess.com"]
[Source "ChessBase"]
[SourceQuality "1"]
[TimeControl "5400+30"]

1. e4 c5 2. Nf3 Nc6 3. Bb5 g6 4. Bxc6 dxc6 5. d3 Bg7 6. h3 Qc7 7. Nc3 Nf6 8. Be3 {[%emt 0:00:23] B31: Sicilian: 2...Nc6 3 Bb5 g6} b6 9. Qd2 e5 10. Bh6 O-O 11. O-O-O (11. Nh2 Re8 12. Bxg7 Kxg7 13. Ng4 Ng8 14. O-O-O Be6 15. Ne2 Rad8 {½-½ (52) Saric,I (2692)-Harff,M (2411) Germany 2018}) 11... Nd7 $146 ({Predecessor:} 11... Be6 12. Bxg7 Kxg7 13. Qg5 Nd7 14. Nh2 f6 15. Qe3 b5 {½-½ (15) Martinovic,S (2438)-Nurkic,S (2379) Banja Junakovic/Vukovar 2010}) 12. h4 f6 13. g4 Rf7 14. Bxg7 Kxg7 15. g5 f5 (15... Nf8 $16 {is a better defense.}) 16. h5 f4 17. hxg6 hxg6 18. Rh6 Nf8 19. Rg1 Be6 20. Nh4 Rd7 $18 21. f3 c4 22. Qh2 cxd3 23. cxd3 Bg8 24. Rh1 Bh7 25. Nf5+ Kg8 26. Nh4 Rg7 27. Qc2 Qe7 28. Qb3+ Qe6 29. Qxe6+ Nxe6 30. Nxg6 Nxg5 31. Nxe5 Re8 32. Ng4 Rd8 33. Nf6+ Kh8 34. R1h5 Rf8 35. e5 Rff7 36. Nce4 Ne6 37. Nd6 1-0

[Event "58th BRA-chW 2019"]
[Site "Rio de Janeiro"]
[Date "2019.02.17"]
[Round "1.2"]
[White "Kanzler, Karina Daniela Ferr"]
[Black "Tamarozi, Isabelle"]
[Result "0-1"]
[ECO "A48"]
[WhiteElo "1913"]
[BlackElo "1937"]
[Annotator "NA"]
[PlyCount "134"]
[EventDate "2019.02.16"]
[EventType "k.o."]
[EventCountry "BRA"]
[SourceTitle "playchess.com"]
[Source "ChessBase"]
[SourceQuality "1"]
[TimeControl "5400+30"]

1. d4 Nf6 2. Nf3 g6 3. Bg5 Bg7 4. c3 d6 5. Nbd2 O-O 6. e4 c5 7. Bd3 a6 {[%emt 0:06:42] A48: 1 d4 Nf6 2 Nf3 g6: Torre, London and Colle Systems} (7... cxd4 8. Nxd4 h6 9. Bh4 Nc6 10. Nxc6 bxc6 11. f4 Qb6 12. Nc4 Qb8 13. Qe2 d5 14. Ne5 dxe4 15. Bc4 {0-1 (39) Dobrov,V (2499)-Lu,S (2612) Wijk aan Zee 2017}) 8. O-O b5 9. Re1 Bb7 10. Nf1 $146 ({Predecessor:} 10. dxc5 dxc5 11. Qe2 h6 12. Bf4 Nh5 13. Be3 {½-½ (36) Sanuy Moncasi,A (1989)-Monfa Escola,R (1761) Almenar 2010}) 10... Qc7 11. Qd2 Rd8 12. Bh6 Bh8 13. Rad1 Nbd7 14. Qg5 Nf8 15. Ng3 Qc8 16. Nf5 Re8 17. e5 Bxf3 18. gxf3 Ne6 {[%emt 0:03:27] [#]} 19. Qg3 $2 ({Only move:} 19. Qh4 $1 $18) 19... dxe5 20. dxe5 Nh5 21. Qh4 Qc7 22. f4 $11 (22. Be4 $5 Rac8 23. f4 $14) 22... Rad8 23. Bc2 f6 24. Qg4 Rxd1 25. Rxd1 fxe5 26. Nh4 Nexf4 27. Ng2 Qc8 28. Qf3 Qh3 29. Qxh3 Nxh3+ 30. Kf1 g5 31. Bf5 N5f4 32. Nxf4 Nxf4 33. Bxg5 Rf8 34. Be4 Bf6 35. Bh6 Rb8 36. Rd7 Bh4 37. f3 b4 38. c4 Bf6 39. b3 Rb6 40. Rd8+ Kf7 41. Bxh7 Bh4 42. Rf8+ Ke6 43. Bxf4 exf4 44. Rxf4 Bf6 45. Be4 Ke5 46. Rf5+ Kd4 47. Rd5+ Ke3 48. Rxc5 Bd4 49. Rc6 Rb8 50. Rxa6 Rh8 51. Kg2 Be5 52. h3 Bf6 53. Re6 Rg8+ 54. Kf1 Kd2 55. Bd5 Rg3 56. Re2+ Kd1 57. Rh2 Bd4 58. Rh1 Rg6 59. Be4 Ra6 60. Bb1 Rf6 61. Kg2+ Ke2 62. Rf1 Rf7 63. Rc1 Rg7+ 64. Kh1 Be3 65. Rc2+ Kxf3 66. Kh2 Rg1 67. c5 Rxb1 0-1

[Event "58th BRA-chW 2019"]
[Site "Rio de Janeiro"]
[Date "2019.02.17"]
[Round "1.2"]
[White "Mello, Amanda Carolina De"]
[Black "Medeiros, Thauane Ferreira"]
[Result "0-1"]
[ECO "E18"]
[WhiteElo "1808"]
[BlackElo "1947"]
[Annotator "NA"]
[PlyCount "100"]
[EventDate "2019.02.16"]
[EventType "k.o."]
[EventCountry "BRA"]
[SourceTitle "playchess.com"]
[Source "ChessBase"]
[SourceQuality "1"]
[TimeControl "5400+30"]

1. Nf3 b6 2. g3 Bb7 3. Bg2 Nf6 4. c4 e6 5. Nc3 Be7 6. d4 Ne4 7. Nxe4 Bxe4 8. d5 O-O 9. O-O Bf6 10. Nh4 Bxg2 11. Nxg2 Re8 12. Ne3 d6 13. Ng4 a5 14. a3 a4 15. Rb1 h5 16. Nxf6+ Qxf6 17. h4 $17 exd5 18. cxd5 Qe5 19. Be3 Ra5 20. Qc2 Qxd5 21. Qxc7 Qc6 22. Bxb6 Rb5 23. Qxc6 Nxc6 24. Be3 Ne5 25. Rfc1 Ng4 26. Rc3 Nxe3 27. Rxe3 Rxe3 28. fxe3 Rb3 29. Kf2 Kf8 30. Rd1 Rxb2 31. Rxd6 Rb3 32. Rd3 Ke7 33. e4 Ke6 34. Ke3 Rb5 35. Kf4 f6 36. Rd4 g5+ 37. hxg5 fxg5+ 38. Kf3 Rb3+ 39. Rd3 Ke5 40. Ke3 h4 41. gxh4 gxh4 42. Kf3 h3 43. Kf2 Kxe4 44. Rf3 Rxf3+ 45. exf3+ Kf4 46. Kg1 Kxf3 47. Kh2 Ke3 48. Kxh3 Kd3 49. Kg3 Kc3 50. Kf3 Kb3 0-1

[Event "58th BRA-chW 2019"]
[Site "Rio de Janeiro"]
[Date "2019.02.17"]
[Round "1.2"]
[White "Hubner, Jessica Trindade"]
[Black "Ichimura G. Barbosa, Larissa Y."]
[Result "0-1"]
[ECO "E94"]
[WhiteElo "1790"]
[BlackElo "1983"]
[Annotator "NA"]
[PlyCount "66"]
[EventDate "2019.02.16"]
[EventType "k.o."]
[EventCountry "BRA"]
[SourceTitle "playchess.com"]
[Source "ChessBase"]
[SourceQuality "1"]
[TimeControl "5400+30"]

1. Nf3 Nf6 2. c4 g6 3. d4 Bg7 4. Nc3 O-O 5. e4 d6 6. Be2 e5 7. d5 Na6 8. O-O Nc5 9. Bg5 a5 10. Nd2 h6 11. Be3 {[%emt 0:00:44] E94: King's Indian: Classical: 6 Be2 e5 7 0-0: Various Black 7th moves} Bd7 (11... Nh7 12. a3 f5 13. b4 axb4 14. axb4 Rxa1 15. Qxa1 Na6 16. Qa3 f4 17. Ba7 g5 18. c5 g4 {0-1 (40) Dominguez Perez,L (2732)-Mamedov,R (2650) Huaian 2016}) 12. f4 $146 ({Predecessor:} 12. b3 Nh7 13. a3 Qe8 14. b4 axb4 15. axb4 Na4 16. Nxa4 Bxa4 17. Qb1 {1-0 (45) Beshukov,S (2404)-Voltolini,G (2072) Porto Mannu 2017}) 12... exf4 13. Rxf4 g5 14. Rf1 Qe7 15. Bxc5 dxc5 16. Bd3 Ng4 17. Qe2 Bd4+ 18. Kh1 Ne3 19. Rfc1 Bg4 20. Nf3 Qf6 21. Rab1 {[%emt 0:18:42] [#]} Qf4 $1 22. Re1 (22. h3 $17 Bh5 23. g4) 22... Rae8 23. Nb5 Nf5 24. Qd2 Be3 25. Qe2 Bd4 26. Qd2 Be3 27. Qd1 Nh4 28. Rf1 Nxf3 29. gxf3 Bh3 30. Re1 (30. Nc3 {was worth a try.}) 30... Bf2 31. Qe2 (31. Bf1 $142 Bxe1 32. Bxh3) 31... Bxe1 32. Rxe1 f5 $19 33. e5 Rxe5 0-1

[Event "58th BRA-chW 2019"]
[Site "Rio de Janeiro"]
[Date "2019.02.17"]
[Round "1.2"]
[White "Reis, Virginia Lagrange M"]
[Black "Alboredo, Julia"]
[Result "1/2-1/2"]
[ECO "B51"]
[WhiteElo "1738"]
[BlackElo "2212"]
[Annotator "ChessBase"]
[PlyCount "186"]
[EventDate "2019.02.16"]
[EventType "k.o."]
[EventCountry "BRA"]
[SourceTitle "playchess.com"]
[Source "ChessBase"]
[SourceQuality "1"]
[TimeControl "5400+30"]

1. e4 c5 2. Nf3 d6 3. Bb5+ Nd7 4. a4 a6 5. Be2 Ngf6 6. Nc3 e6 7. O-O Be7 8. a5 e5 9. Bc4 b5 10. Bxf7+ Kxf7 11. Ng5+ Kg8 12. Ne6 Qe8 13. Nc7 Qg6 14. Nxa8 Nf8 15. Nb6 Bh3 16. Qf3 Bg4 17. Qe3 Nh5 18. Nbd5 Bg5 19. d3 Nf4 20. Nxf4 exf4 21. Qd2 Ne6 22. f3 Bh5 23. Nd5 Kf7 24. Qf2 Qh6 25. c3 Rf8 26. b4 Kg8 27. Ba3 Rc8 28. Rac1 Bf7 29. bxc5 dxc5 30. Nb6 Rd8 31. Rfd1 Bh4 32. Qe2 Kh8 33. Bb2 Qg6 34. d4 c4 35. Ba3 Ng5 36. Kh1 Qh5 37. Be7 Bg3 38. h3 Re8 39. Bxg5 Qxg5 40. d5 Qe5 41. Rd4 Rd8 42. Rcd1 Bh4 43. Qd2 Bf6 44. Qf2 Qd6 45. Kh2 g5 46. Rc1 Kg8 47. Rdd1 h5 48. Re1 Be5 49. Kh1 Kg7 50. Qe2 Rh8 51. Kg1 Rd8 52. Kf2 Qf6 53. Qd2 g4 54. hxg4 hxg4 55. Rh1 Bd6 56. Qe2 g3+ 57. Kf1 Be5 58. Qd2 Kg6 59. Ke2 Qd6 60. Rh4 Rh8 61. Rxh8 Bxh8 62. Rh1 Bf6 63. Qc2 Be5 64. Kd1 Qa3 65. Nd7 Qa1+ 66. Qc1 Qxc3 67. Qxc3 Bxc3 68. Rh4 Be8 69. Nc5 Bxa5 70. Nxa6 b4 71. e5 Ba4+ 72. Kc1 b3 73. Rxf4 Bb5 74. Nc5 Bb4 75. Nxb3 Ba3+ 76. Kc2 cxb3+ 77. Kxb3 Bc1 78. Rf6+ Kg7 79. Rb6 Bf1 80. d6 Bxg2 81. d7 Bg5 82. f4 Bd5+ 83. Kc3 Bd8 84. Rb1 Kg6 85. Rg1 g2 86. Kd4 Ba8 87. Kc5 Be7+ 88. Kb6 Kf5 89. Kc7 Kxf4 90. e6 Kf5 91. Kc8 Bd5 92. d8=Q Bxd8 93. Kxd8 Kxe6 1/2-1/2

[Event "58th BRA-chW 2019"]
[Site "Rio de Janeiro"]
[Date "2019.02.17"]
[Round "2.1"]
[White "Librelato, Kathie Goulart"]
[Black "Vieira, Julia"]
[Result "1-0"]
[ECO "B04"]
[WhiteElo "2172"]
[BlackElo "1768"]
[Annotator "NA"]
[PlyCount "103"]
[EventDate "2019.02.16"]
[EventType "k.o."]
[EventCountry "BRA"]
[SourceTitle "playchess.com"]
[Source "ChessBase"]
[SourceQuality "1"]
[TimeControl "5400+30"]

1. e4 Nf6 2. e5 Nd5 3. d4 d6 4. Nf3 dxe5 5. Nxe5 c6 6. Be2 Bf5 {[%emt 0:00:10] B04: Alekhine's Defence: 4 Nf3} 7. O-O (7. c3 Nd7 8. Nf3 e6 9. O-O Bd6 10. Re1 O-O 11. Nbd2 h6 12. Nc4 Bc7 13. a4 a5 14. Bd3 {1-0 (40) Vachier Lagrave,M (2779)-Dominguez Perez,L (2739) chess.com INT 2018}) 7... Nd7 8. Nf3 e6 9. c4 N5f6 10. Bf4 Be7 11. Nc3 O-O 12. h3 h6 13. Re1 Ne4 14. Nxe4 Bxe4 15. Qd2 $146 Nf6 16. Rad1 Re8 17. Bh2 c5 18. Qc3 Qb6 19. a3 Rad8 20. Be5 cxd4 21. Nxd4 a5 22. Nb5 Rxd1 23. Rxd1 Bc6 24. Qg3 Bxb5 25. cxb5 Rd8 26. Rc1 Bd6 27. Bxd6 Qxd6 28. Qxd6 Rxd6 29. Rc8+ Kh7 30. Rc7 Rd7 31. b6 Kg6 32. Bf3 Rd6 33. Rxb7 Nd7 34. Ra7 Nxb6 35. Rxa5 Nc4 36. Rb5 Rd2 37. a4 Nxb2 38. a5 Nc4 39. Rc5 Nd6 40. a6 Ra2 41. Rc6 Nb5 {[%emt 0:00:11] [#]} (41... Ne8 $11) 42. Rb6 ({White should play} 42. Be4+ $1 $16 Kf6 43. Bd3 Ra1+ 44. Kh2) 42... Nc7 43. Bb7 Kf6 44. Kf1 $11 Ke7 45. Ke1 Kd7 46. f4 Nd5 47. Bxd5 exd5 48. Rb7+ Kc6 49. Rxf7 Rxg2 50. a7 Ra2 51. Rxg7 h5 52. f5 1-0

[Event "58th BRA-chW 2019"]
[Site "Rio de Janeiro"]
[Date "2019.02.17"]
[Round "2.1"]
[White "Gazola, Vanessa Ramos"]
[Black "Melo, Gabrieli De"]
[Result "1/2-1/2"]
[ECO "E07"]
[WhiteElo "1951"]
[BlackElo "1792"]
[Annotator "NA"]
[PlyCount "169"]
[EventDate "2019.02.16"]
[EventType "k.o."]
[EventCountry "BRA"]
[SourceTitle "playchess.com"]
[Source "ChessBase"]
[SourceQuality "1"]
[TimeControl "5400+30"]

1. d4 Nf6 2. c4 e6 3. g3 d5 4. Nf3 Be7 5. Bg2 O-O 6. O-O Nbd7 7. b3 b6 8. Qc2 {[%emt 0:05:17] E07: Closed Catalan: Main Line (5 Nf3 0-0 6 0-0 Nbd7)} Bb7 9. cxd5 exd5 10. Bf4 $146 ({Predecessor:} 10. Ba3 Bxa3 11. Nxa3 c5 12. Rfd1 Qe7 13. Qb2 Rfe8 14. e3 Ne4 15. Nb5 Ndf6 16. Ne5 {½-½ (66) Lajthajm,B (2525)-Abramovic,B (2437) Vrnjacka Banja 2014}) 10... Rc8 11. Nc3 a6 12. Rfd1 Nh5 13. Be3 Nhf6 14. Bh3 Bd6 15. Bg5 Rb8 16. Nh4 (16. Bxd7 $14 Qxd7 17. Bxf6 gxf6 18. Nh4) 16... h6 17. Bc1 Ne4 18. Nf5 Ndf6 19. Nxd6 Nxd6 20. Ba3 Bc8 21. Bg2 Be6 22. Na4 (22. f3 $16) 22... Qd7 23. Rac1 Rfc8 24. e3 Nb5 25. Bb4 a5 26. Be1 Bf5 27. Qe2 Nd6 28. Nb2 Qb5 29. Qxb5 Nxb5 30. Bf1 c6 31. Nd3 Bxd3 32. Bxd3 Nd6 33. Rc2 Nb7 34. Rdc1 Nd8 35. b4 b5 36. bxa5 Kf8 37. Bb4+ Ke8 38. f3 Kd7 39. g4 g6 40. h4 Ne6 41. Rg2 h5 42. gxh5 Nxh5 43. f4 Rg8 44. f5 gxf5 45. Bxf5 Ng3 46. Bxe6+ fxe6 47. Kh2 Nf5 48. Rcg1 Rh8 49. Rg4 Rh7 50. Be1 b4 {[%emt 0:01:37] [#]} 51. e4 $15 ({White should play} 51. Rg8 $1 $16 Rxg8 52. Rxg8) 51... dxe4 52. Rxe4 Rb5 53. Re5 Nxd4 54. Rxb5 Nxb5 55. Rg5 Nd4 56. Kg2 Nf5 57. Bxb4 Rxh4 58. a3 Rh7 59. Kf2 Rh8 60. Ke2 Kc7 61. Kd3 Kb7 62. Rg6 Re8 63. Kc4 Ne3+ 64. Kc5 Nf5 65. Rf6 Re7 66. Rf8 Rd7 67. a6+ Ka7 68. Kxc6 Rd5 69. Bc5+ Rxc5+ 70. Kxc5 Kxa6 71. Kc6 Nd4+ 72. Kd6 Kb5 73. Ke5 Nc2 74. Ra8 Ne3 75. Kxe6 Nc4 76. a4+ Kb4 77. Ra6 Na5 78. Kd5 Nc4 79. Kd4 Na5 80. Ra8 Nc6+ 81. Kd5 Na5 82. Ra7 Nb3 83. Rb7+ Kxa4 84. Kc4 Na5+ 85. Kd4 1/2-1/2

[Event "58th BRA-chW 2019"]
[Site "Rio de Janeiro"]
[Date "2019.02.21"]
[Round "3.2"]
[White "Terao, Juliana Sayumi"]
[Black "Ichimura G. Barbosa, Larissa Y."]
[Result "1-0"]
[ECO "B22"]
[WhiteElo "2241"]
[BlackElo "1983"]
[Annotator "NA"]
[PlyCount "69"]
[EventDate "2019.02.16"]
[EventType "k.o."]
[EventCountry "BRA"]
[SourceTitle "playchess.com"]
[Source "ChessBase"]
[SourceQuality "1"]
[TimeControl "5400+30"]

1. e4 c5 2. c3 Nf6 3. e5 Nd5 4. d4 cxd4 5. Qxd4 e6 6. Nf3 Nc6 7. Qe4 f5 8. Qe2 Qc7 9. g3 b6 10. Bg2 Ncb4 11. Qd1 Ba6 12. Bf1 Bxf1 13. Kxf1 Nc6 14. Qe2 Qb7 15. Kg2 Be7 16. Rd1 b5 17. Kg1 O-O 18. Nbd2 Rac8 19. Nf1 f4 20. g4 Qc7 21. Rd3 d6 22. exd6 Qxd6 23. b3 e5 24. c4 bxc4 25. bxc4 Qe6 26. cxd5 Qxg4+ 27. Kh1 Nb4 28. Rb3 Nxd5 29. Bb2 Bb4 30. Qe4 Nc3 31. Nxe5 Qe6 32. Qxb4 Qxe5 33. Rxc3 Rb8 34. Qc4+ Kh8 35. Rb3 1-0